 Dungeon Crawl Stone Soup version 0.30-a0-23-ge60ba3568b (webtiles) character file.

Game seed: 13403450239603040555

338 rogsnak the Magician (level 6, -1/42 HPs)
             Began as a Demonspawn Hedge Wizard on Aug 22, 2022.
             Slain by an orc
             ... wielding a +0 club
              (2 damage)
             ... on level 4 of the Dungeon on Aug 25, 2022.
             The game lasted 00:14:37 (6221 turns).

rogsnak the Magician (Demonspawn Hedge Wizard)      Turns: 6221, Time: 00:14:38

Health: -1/42      AC:  2    Str: 10    XL:     6   Next: 29%
Magic:  13/13      EV: 12    Int: 17    God:
Gold:   209        SH:  0    Dex: 13    Spells: 8/14 levels left

rFire   . . .      SeeInvis .    v - +0 whip (elec)
rCold   . . .      Faith    .    (no shield)
rNeg    . . .      Spirit   .    p - +0 robe {Will+}
rPois   .          Reflect  .    c - +0 hat
rElec   .          Harm     .    (no cloak)
rCorr   .          Rampage  .    (no gloves)
Will    +....                    (no boots)
Stlth   ++........               (no amulet)
HPRegen 0.14/turn                (no ring)
MPRegen 0.13/turn                (no ring)

@: no status effects
A: demonic guardian 2, powered by pain 1, weakness stinger 1
a: no special abilities


You were on level 4 of the Dungeon.
You visited 1 branch of the dungeon, and saw 4 of its levels.

You collected 209 gold pieces.

Inventory:

Hand Weapons
 a - a +0 dagger
 g - a +0 short sword
 h - a +0 spear
 n - a +0 war axe
 t - a +0 quarterstaff
 v - a +0 whip of electrocution (weapon)
Missiles
 m - 7 poisoned darts
Armour
 b - a +0 robe
 c - a +0 hat (worn)
 p - a +0 robe of willpower (worn)
Jewellery
 i - a ring of fire
Wands
 w - a wand of paralysis (9)
Scrolls
 k - 2 scrolls of noise {unknown}
 o - a scroll of silence {unknown}
 s - 2 scrolls of identify {unknown}
 u - a scroll of brand weapon {unknown}
 x - a scroll of amnesia {unknown}
 y - a scroll of enchant armour {unknown}
Potions
 d - a potion of magic
 e - 2 potions of curing {unknown}
 f - a potion of berserk rage {unknown}
 j - 4 potions of heal wounds {unknown}
 l - a potion of haste {unknown}
 q - a potion of degeneration {unknown}
 r - a potion of lignification {unknown}
 z - a potion of might {unknown}


   Skills:
 + Level 0.8 Fighting
 - Level 0.1 Staves
 + Level 2.3 Dodging
 - Level 2.0 Stealth
 + Level 4.7 Spellcasting
 * Level 4.1 Conjurations
 - Level 1.0 Summonings
 - Level 1.0 Translocations
 + Level 0.5 Air Magic


You had 8 spell levels left.
You knew the following spells:

 Your Spells              Type           Power      Damage    Failure   Level
a - Magic Dart            Conj           72%        1d6       2%          1
b - Blink                 Tloc           14%        N/A       14%         2
c - Mephitic Cloud        Conj/Pois/Air  9%         N/A       22%         3

Your spell library contained the following spells:

 Spells                   Type           Power      Damage    Failure   Level
 Static Discharge         Conj/Air       11%        3-5/arc   9%          2
 Slow                     Hex            16%        N/A       14%         1
 Call Imp                 Summ           7%         N/A       14%         2
 Conjure Flame            Conj/Fire      11%        6-21      19%         3
 Lightning Bolt           Conj/Air       5%         1d17      83%         5
 Maxwell's Capacitive Co  Air            2%         ∞         100%        8


Dungeon Overview and Level Annotations

Branches:
Dungeon (4/15)
 Temple: D:4-7

Altars:
Dithmenos
Fedhas

Annotations:
D:2 Terence
D:3 3 runed translucent doors, Zeldest's ghost, amateur BaSu; drugrobin's ghost, weakling DgDe; rumses's ghost, amateur HOFi


Innate Abilities, Weirdness & Mutations

A demonic guardian rushes to your aid.
You sometimes gain a little power by taking damage.
You have a small tail.


Message History

You hit the orc priest.
The orc priest is almost dead.
The orc priest barely misses you.
You closely miss the orc priest.
The orc priest is almost dead.
The orc priest mumbles some strange prayers to Beogh against you.
Beogh smites you!
* * * LOW HITPOINT WARNING * * *
A demonic guardian appears!
The ball python bites you but does no damage.
The ball python grabs you. The ball python constricts you.
* * * LOW HITPOINT WARNING * * *
You hit the orc priest.
You kill the orc priest!
The ball python bites you.
* * * LOW HITPOINT WARNING * * *
The ball python constricts you.
Your hellwing swoops through the air toward the ball python!
Something hits the ball python!
The ball python dies!
The orc attacks as you move away! The orc closely misses you.
Your hellwing misses the orc. Your hellwing hits the orc.
Your hellwing hits the orc. x2
The orc attacks as you move away! The orc hits you with a +0 club.
* * * LOW HITPOINT WARNING * * *
The orc hits your hellwing with a +0 club.
The orc hits your hellwing but does no damage.
The orc hits your hellwing but does no damage.
Your hellwing hits the orc. Your hellwing hits the orc!
The orc dies!
The orc attacks as you move away! The orc hits you but does no damage.
The orc attacks as you move away! The orc closely misses you.
The orc attacks as you move away! The orc misses you.
The orc attacks as you move away! The orc hits you but does no damage.
The orc attacks as you move away! The orc misses you.
The orc attacks as you move away! The orc closely misses you.
The orc attacks as you move away! The orc hits you with a +0 club.
* * * LOW HITPOINT WARNING * * *
The orc attacks as you move away! The orc hits you with a +0 club.
You die...

##########.###..........##.......
.................†......'.)......
####.#####.###..........##.......
###'#####.# #..........#########
#......##.# #..........#
#......##.###..........#####
+......................+..>#
#......##.###..........###.####
#......##.# #..@o..4.......#..
#......##.# ##.##########..#.#
#...####### #P.P# #..#.#
#...#....####≈.≈## ####....#
#...#.♣.♣.##≈≈.≈≈### #...4...#
#...#.....P≈≈≈.≈≈≈P###.......##.
###.#..8.............#..........
.#.....P≈≈≈.≈≈≈P#.#.......###
#.♣.♣.##≈≈.≈≈###.....)......


You could see an orc (ally target) and a friendly hellwing (summoned).

Vanquished Creatures
  A scorpion (D:3)
  A hound (D:3)
  2 orc priests (D:4)
  10 adders
  An ufetubus (D:3)
  2 worms (D:3)
  4 dart slugs
  5 orcs
  7 bats
  4 endoplasms
  3 giant cockroaches
  6 goblins
  2 hobgoblins
  6 jackals
  3 quokkas
  7 ball pythons
  6 frilled lizards
  10 kobolds
  4 rats
84 creatures vanquished.

Vanquished Creatures (collateral kills)
  2 orcs
  A ball python (D:4)
  A hobgoblin (D:3)
4 creatures vanquished.

Grand Total: 88 creatures vanquished

Notes
Turn   | Place    | Note
-------+----------+-------------------------------------------
     0 | D:1      | rogsnak the Demonspawn Hedge Wizard began the quest for the
                  | Orb.
     0 | D:1      | Reached XP level 1. HP: 13/13 MP: 4/4
   431 | D:1      | Gained mutation: A weak demonic guardian rushes to your
                  | aid. [demonic ancestry]
   431 | D:1      | Reached XP level 2. HP: 13/19 MP: 1/6
  1445 | D:1      | Gained mutation: You have a small tail. [demonic ancestry]
  1445 | D:1      | Reached XP level 3. HP: 20/24 MP: 4/8
  1448 | D:1      | Learned a level 2 spell: Blink
  1452 | D:1      | Learned a level 3 spell: Mephitic Cloud
  2512 | D:2      | Found a faded altar of an unknown god.
  2612 | D:2      | Noticed Terence
  3460 | D:3      | Reached XP level 4. HP: 21/30 MP: 5/10
  4107 | D:3      | Found a shadowy altar of Dithmenos.
  4347 | D:3      | Upgraded the game from 0.30-a0-4-ga7cffc901d to
                  | 0.30-a0-23-ge60ba3568b
  4356 | D:3      | Reached skill level 1 in Translocations
  4425 | D:3      | Gained mutation: You sometimes gain a little power by
                  | taking damage. [demonic ancestry]
  4425 | D:3      | Reached XP level 5. HP: 36/36 MP: 7/11
  4725 | D:3      | Found a runed translucent gate.
  4725 | D:3      | Found a runed translucent gate.
  4725 | D:3      | Found a runed translucent gate.
  5033 | D:3      | Noticed drugrobin's ghost (weakling DgDe)
  5034 | D:3      | Noticed rumses's ghost (amateur HOFi)
  5034 | D:3      | Noticed Zeldest's ghost (amateur BaSu)
  5404 | D:3      | Found a blossoming altar of Fedhas.
  5851 | D:4      | Gained mutation: A demonic guardian rushes to your aid.
                  | [demonic ancestry]
  5851 | D:4      | Reached XP level 6. HP: 42/42 MP: 8/12
  6206 | D:4      | HP: 2/42 [orc/+0 club (3)]
  6220 | D:4      | HP: 1/42 [orc/+0 club (3)]
  6221 | D:4      | Slain by an orc

Illustrated notes

Levels and vault maps discovered:
D:1:      minmay_arrival_four_houses, layout_basic
D:2:      layout_loops_corners, shapermc_ecumenical_altar_totnotflames,
          uniq_terence
D:3:      minmay_wonky_spiral, layout_basic, mainiacjoe_overflow_chevrons,
          mainiacjoe_overflow_cross_hatched, gammafunk_ghost_cemetery
D:4:      layout_basic, dreamdust_princess_bridge, nicolae_shop_i_like_big_books

Skill      XL: |  1  2  3  4  5  6 |
---------------+-------------------+-----
Stealth        | 2 |  2.0
Spellcasting   | 4 |  4.7
Dodging        | 2 |  2.3
Conjurations   | 2 3 4 |  4.1
Translocations | 1 |  1.0
Fighting       | |  0.8
Staves         | |  0.1
Summonings     | |  1.0
Air Magic      | |  0.5

Action                   |  1- 3 |  4- 6 || total
-------------------------+-------+-------++-------
Melee: Dagger            |     2 |       ||     2
       Spear             |    18 |       ||    18
       Short sword       |     4 |       ||     4
       Quarterstaff      |     2 |    29 ||    31
       Tailslap          |     1 |     2 ||     3
       Whip              |       |    23 ||    23
 Cast: Magic Dart        |   112 |   118 ||   230
       Mephitic Cloud    |     4 |     5 ||     9
       Blink             |     1 |       ||     1
 Stab: Confused          |     1 |     2 ||     3
       Sleeping          |       |     1 ||     1
Armor: Robe              |     9 |     8 ||    17
Dodge: Dodged            |    34 |    50 ||    84

Table legend: (Time is in decaauts)
 A = Elapsed time spent in this place.
 B = Non-inter-level travel time spent in this place.
 C = Inter-level travel time spent in this place.
 D = Time resting spent in this place.
 E = Time spent auto-exploring this place.
 F = Levels seen in this place.
 G = Mean time per level.
                   A        B        C        D        E       F      G
               +--------+--------+--------+--------+--------+-----+--------+
         Total |   6237 |   6174 |     63 |   1729 |   3388 |   4 | 1559.2 |
       Dungeon |   6237 |   6174 |     63 |   1729 |   3388 |   4 | 1559.2 |
               +--------+--------+--------+--------+--------+-----+--------+

Top non-repeatable levels by time:
     D:3: 2196 daAuts
     D:1: 1881 daAuts
     D:2: 1556 daAuts
     D:4: 603 daAuts
